 Dungeon Crawl Stone Soup version 0.19-a0-1861-g35def1e (webtiles) character file.

1740 Cirk the Cruncher (level 8, -2/50 (52) HPs)
             Began as a High Elf Gladiator on Oct 12, 2016.
             Was a Believer of Makhleb.
             Slain by an orc wizard
             ... wielding a cursed +0 dagger
              (4 damage)
             ... on level 6 of the Dungeon.
             The game lasted 00:07:25 (7579 turns).

Cirk the Cruncher (High Elf Gladiator)              Turns: 7579, Time: 00:07:26

HP:   -2/50 (52)    AC:  7    Str: 14    XL:     8   Next: 77%
MP:   9/9           EV: 14    Int: 13    God:    Makhleb [**....]
Gold: 287           SH:  0    Dex: 17    Spells: 0 memorised, 7 levels left

rFire  + . .     SeeInvis .     a - +2 quarterstaff
rCold  . . .     Gourm    .     u - +0 leather armour {rF+}
rNeg   . . .     Faith    .     (shield currently unavailable)
rPois  .         Spirit   .     c - +2 helmet
rElec  .         Dismiss  .     (no cloak)
rCorr  .         Reflect  .     r - +0 pair of gloves
MR     .....     Harm     .     (no boots)
Stlth  +.........               (no amulet)
                                (no ring)
                                (no ring)

@: no status effects
A: no striking features
a: Minor Destruction, Renounce Religion


You were on level 6 of the Dungeon.
You worshipped Makhleb.
Makhleb was pleased with you.
You were hungry.

You visited 1 branch of the dungeon, and saw 6 of its levels.

You collected 287 gold pieces.

Inventory:

Hand Weapons
 a - a +2 quarterstaff (weapon)
 B - the +6 broad axe "Keguh" {flame, rC+ rN+}
   (You took it off a crimson imp on level 5 of the Dungeon)

   It has been specially enchanted to burn those struck by it, causing extra
   injury to most foes and up to half again as much damage against particularly
   susceptible opponents.
   Big, fiery blades are also staple armaments of hydra-hunters.
   It protects you from cold.
   It protects you from negative energy.
Missiles
 i - a throwing net (quivered)
Armour
 c - a +2 helmet (worn)
 r - a +0 pair of gloves (worn)
 u - a +0 leather armour of fire resistance (worn)
Wands
 t - a wand of slowing (40/48)
 v - a wand of polymorph (4/24)
 A - a wand of acid (13/15)
Scrolls
 b - a scroll of magic mapping
 d - a scroll of teleportation
 j - 3 scrolls of amnesia
 m - 2 scrolls of remove curse
 x - a scroll of identify
 C - a scroll of random uselessness {unknown}
Potions
 e - a potion of cancellation
 k - 5 potions of flight
 l - 2 potions of agility
 o - a potion of haste {unknown}
 s - 3 potions of curing
 w - a potion of degeneration {unknown}
 z - a potion of cure mutation
Books
 y - a book of Flames

   Spells                             Type                      Level
   a - Flame Tongue                   Conjuration/Fire             1
   b - Throw Flame                    Conjuration/Fire             2
   c - Conjure Flame                  Conjuration/Fire             3
   d - Inner Flame                    Hexes/Fire                   3
   e - Sticky Flame                   Conjuration/Fire             4
   f - Fireball                       Conjuration/Fire             5
Comestibles
 f - 2 bread rations
 g - a slice of pizza
 h - 5 meat rations
 n - 2 chunks of flesh
 p - 4 fruits
 q - a beef jerky


   Skills:
 + Level 3.5 Fighting
 * Level 10.8 Staves
 - Level 2.0 Throwing
 + Level 4.5 Dodging


You had 7 spell levels left.
You didn't know any spells.

Dungeon Overview and Level Annotations

Branches:
Dungeon (6/15)             Temple (0/1) D:4

Altars:
Ashenzari
Dithmenos
Elyvilon
Fedhas
Kikubaaqudgha
Makhleb
Ru
Trog


Message History

You barely miss something. Something hits you.
* * * LOW HITPOINT WARNING * * *
The orc priest hits you with a club.
* * * LOW HITPOINT WARNING * * *
You sock the orc priest!
The orc priest is almost dead.
Something hits you.
* * * LOW HITPOINT WARNING * * *
Unknown command.
You barely miss the orc priest.
The orc priest is almost dead.
The orc priest invokes the aid of Beogh against you.
Beogh smites you!
* * * LOW HITPOINT WARNING * * *
Unknown command.
Quiver which item? (- for none, * to show all) (? for menu, Esc to quit)
Okay, then.
It was a potion of cure mutation.
It has a very clean taste.
Something hits you.
You die...

## #< #. #. ######## #.
#<...... #.
##################
######.########@o......#
.......))))...){######.#
################## #.#
#...# #.# ###.#.#
#.###### # #####.....#
#.#....#### ##
#...'.....# #.#........
.## #.###.....#
#.#..#.#### ..### #.#
#....[# #.#....#.#


You could see an orc priest.

Vanquished Creatures
  The ghost of Cirk the Twirler, an amateur HEGl (D:4)
  A necrophage (D:5)
  3 sky beasts
  3 ogres
  A centaur (D:5)
  A howler monkey (D:5)
  A crimson imp (D:5)
  2 bullfrog zombies
  A bullfrog skeleton (D:5)
  4 orc priests
  2 hounds (D:5)
  2 jellies
  3 orc wizards
  An iguana (D:5)
  6 worker ants
  A killer bee zombie (D:5)
  A hound zombie (D:5)
  A hound skeleton (D:4)
  A worker ant zombie (D:4)
  9 adders
  A river rat (D:4)
  3 shadow imps (D:5)
  An ooze (D:5)
  2 adder skeletons (D:4)
  2 worms
  3 dart slugs (D:1)
  8 leopard geckos
  16 orcs
  2 giant cockroaches
  7 goblins
  10 hobgoblins
  2 jackals (D:1)
  5 kobolds
  3 quokkas
  8 bats
  3 frilled lizards
  A leopard gecko skeleton (D:4)
  A leopard gecko zombie (D:5)
  A quokka skeleton (D:5)
  9 rats
133 creatures vanquished.

Notes
Turn   | Place    | Note
-------+----------+-------------------------------------------
     0 | D:1      | Cirk the High Elf Gladiator began the quest for the Orb.
     0 | D:1      | Reached XP level 1. HP: 14/14 MP: 2/2
   261 | D:1      | Reached XP level 2. HP: 19/19 MP: 3/3
   445 | D:1      | Reached skill level 4 in Staves
   608 | D:1      | Reached XP level 3. HP: 17/24 MP: 4/4
  1633 | D:2      | Found a white marble altar of Elyvilon.
  1797 | D:2      | Found a sacrificial altar of Ru.
  1984 | D:2      | Found a burning altar of Makhleb.
  1994 | D:2      | Became a worshipper of Makhleb the Destroyer
  2214 | D:3      | Reached skill level 5 in Staves
  2214 | D:3      | Reached XP level 4. HP: 17/29 MP: 5/5
  2944 | D:3      | Reached XP level 5. HP: 34/34 MP: 6/6
  2951 | D:3      | Reached skill level 6 in Staves
  3496 | D:3      | Reached * piety under Makhleb
  3540 | D:3      | Noticed a moth of wrath
  3544 | D:3      | Found a bloodstained altar of Trog.
  3658 | D:3      | Found a shattered altar of Ashenzari.
  3867 | D:4      | Found a shadowy altar of Dithmenos.
  3904 | D:4      | Noticed Cirk's ghost (amateur HEGl)
  3910 | D:4      | Killed Cirk's ghost
  3910 | D:4      | Reached skill level 7 in Staves
  3910 | D:4      | Reached XP level 6. HP: 16/39 MP: 7/7
  4122 | D:4      | Found a staircase to the Ecumenical Temple.
  5081 | D:4      | Reached skill level 8 in Staves
  5085 | D:4      | Reached XP level 7. HP: 34/45 MP: 8/8
  5512 | D:5      | Entered Level 5 of the Dungeon
  5537 | D:5      | Reached ** piety under Makhleb
  5886 | D:5      | Reached skill level 9 in Staves
  6008 | D:5      | You fall through a shaft!
  6082 | D:6      | Found an ancient bone altar of Kikubaaqudgha.
  6541 | D:5      | Found a blossoming altar of Fedhas.
  6709 | D:5      | Reached skill level 10 in Staves
  6709 | D:5      | Reached XP level 8. HP: 37/50 MP: 9/9
  7133 | D:5      | Got an ancient broad axe {flame}
  7134 | D:5      | Identified the +6 broad axe "Keguh" {flame, rC+ rN+} (You took it off a crimson imp on level 5 of the Dungeon)
  7578 | D:6      | HP: 2/50 [orc priest/divine providence (10)]
  7579 | D:6      | Slain by an orc wizard

Vault maps used:
D:1:      saegor_arrival_simple_b, minmay_stone_trees_small
D:2:      bloody_makhleb, elyvilon_altar_1, nicolae_ru_the_path_less_chosen
D:3:      tgw_trog, ashenzari_conservatory_becter, fountainhead
D:4:      gup_sewer_entry_bubbles, nicolae_dithmenos_shadow_blocks
D:5:      kennysheep_windowed_halls, nicolae_overflow_hidden_temple,
          fedhas_altar_4, first_bread
D:6:      lemuel_round_altar, nicolae_tso_carved_into_rock, slow_altar_2,
          uniq_blork_the_orc

Skill      XL: |  1  2  3  4  5  6  7  8 |
---------------+-------------------------+-----
Staves         | 4 5 7 8 10 | 10.8
Dodging        | 4 |  4.5
Fighting       | 3 |  3.5
Throwing       | |  2.0

Action                   |  1- 3 |  4- 6 |  7- 9 || total
-------------------------+-------+-------+-------++-------
Melee: Quarterstaff      |   118 |   153 |   223 ||   494
       Broad axe         |       |       |     1 ||     1
Throw: Throwing net      |       |     3 |     2 ||     5
  Use: Scroll            |       |    15 |     2 ||    17
       Potion            |       |     1 |     2 ||     3
 Stab: Sleeping          |     2 |     1 |     1 ||     4
       Held in net/web   |       |     2 |     5 ||     7
  Eat: Chunk             |     2 |     5 |     5 ||    12
       Bread ration      |       |     1 |     1 ||     2
Armor: Leather armour    |    39 |    42 |    43 ||   124
Dodge: Dodged            |    84 |    95 |   110 ||   289
